 Dungeon Crawl Stone Soup version 0.30-a0-757-ga6a79fd877 (webtiles) character file.

Game seed: 2389922657560402142

2 Esekla the Sneak (level 1, 16/16 HPs)
             Began as an Octopode Delver on Feb 9, 2023.
             Quit the game on level 5 of the Dungeon.
             The game lasted 00:01:19 (109 turns).

Esekla the Sneak (Octopode Delver)                   Turns: 109, Time: 00:01:19

Health: 16/16      AC:  1    Str: 11    XL:     1   Next: 30%
Magic:  1/1        EV: 13    Int: 12    God:
Gold:   12         SH:  0    Dex: 13    Spells: 0/0 levels left

rFire   . . .      SeeInvis .    a - +0 falchion
rCold   . . .      Faith    .    (no shield)
rNeg    . . .      Spirit   .    (helmet restricted)
rPois   .          Reflect  .    (no amulet)
rElec   .          Harm     .    (no ring)
rCorr   .          Rampage  .    (no ring)
Will    .....                    (no ring)
Stlth   ++++                     (no ring)
HPRegen 0.22/turn                (no ring)
MPRegen 0.07/turn                (no ring)
                                 (no ring)
                                 (no ring)

@: no status effects
A: almost no armour, amphibious, 8 rings, camouflage 1, gelatinous body 1,
(nimble swimmer 1), tentacles
a: no special abilities


You were on level 5 of the Dungeon.
You visited 1 branch of the dungeon, and saw 1 of its levels.

You collected 12 gold pieces.

Inventory:

Hand Weapons
 a - a +0 falchion (weapon)
 i - a +0 dagger
Wands
 f - a wand of digging (3)
 g - a wand of flame (20)
Scrolls
 b - a scroll of fog
 d - a scroll of fear
Potions
 c - a potion of might {unknown}
 e - 2 potions of haste
 h - a potion of degeneration {unknown}


   Skills:
 * Level 3.0 Fighting
 * Level 2.0 Long Blades
 * Level 2.0 Dodging
 + Level 6.6 Stealth
 * Level 0.1 Spellcasting


You couldn't memorise any spells.
You didn't know any spells.
Your spell library was empty.

Dungeon Overview and Level Annotations

Branches:
Dungeon (5/15)
 Temple: D:4-7

Altars:
Cheibriados
Zin

Shops:
D:5 *


Innate Abilities, Weirdness & Mutations

You cannot wear most types of armour.
You are amphibious.
You can wear up to eight rings at the same time.
Your skin changes colour to match your surroundings (Stealth+).
Your rubbery body absorbs attacks. (AC +1, EV +1)
((You are camouflaged when in or above water. (Stealth+)))
You have tentacles for arms and can constrict up to eight enemies at once.


Message History

Found a crooked bronze wand.
g - a wand of charming (14)
Found Zin's Purification Station.
Autopickup disabled for wands of charming.
You drop a wand of charming (14).
Found a glowing silver altar of Zin.
Found 12 gold pieces.
Found a stone staircase leading up.
Found a gold wand.
There is an entrance to Zin's Purification Station here.
Found a quarterstaff.
Found a stone staircase leading down.
You now have 12 gold pieces.
g - a wand of flame (20)
Found a golden potion.
You see here a +0 quarterstaff.
h - a golden potion An orc comes into view.
It is wielding a +0 dagger.
You see here a +0 quarterstaff.
You closely miss the orc. You grab the orc. You squeeze the orc.
The orc is heavily wounded.
You constrict the orc. The orc hits you with a +0 dagger.
You hit the orc.
You kill the orc!
Things that are here:
a +0 dagger; a +0 leather armour
i - a +0 dagger
As you read the scroll of magic mapping, it crumbles to dust.
You feel aware of your surroundings.
You sensed 1 altar.
There is a stone staircase leading up here.
You open the door.
There is an open door here.
Found a stone staircase leading up.
Found a ruby potion.
c - a ruby potion
Found a potion of haste.
You enter the deep water.
Found a snail-covered altar of Cheibriados.
e - 2 potions of haste (gained 1) Are you sure you want to abandon this character and quit the game? (Confirm with "yes".)

*,*<,,,,,,,,* *,#.#......#
*,********,*#####.#.#......#
*,,,,,,,,,,.......#.#......#
**,,.~~~~~~≈≈≈.#.##.#......#
**,.≈,,,,,..≈...*#.#......#
*,.≈.#####.≈.#**#.#......#
**.≈.....#.≈.# #.#...####
*,~,#._.#.≈.# #.........
*,~,#...@.≈.# #.########
**,≈.#####.≈.####.#
*,,≈.......≈.##...#
*,,≈≈.≈≈≈≈≈≈.##.###
*,,..........#..#
*,,............##
***#############


There were no monsters in sight!

Vanquished Creatures
  An orc (D:5)
1 creature vanquished.

Notes
Turn   | Place    | Note
-------+----------+-------------------------------------------
     0 | D:5      | Esekla the Octopode Delver began the quest for the Orb.
     0 | D:5      | Reached XP level 1. HP: 16/16 MP: 1/1
    20 | D:5      | Found Zin's Purification Station.
    32 | D:5      | Found a glowing silver altar of Zin.
   106 | D:5      | Found a snail-covered altar of Cheibriados.
   109 | D:5      | Quit the game

Illustrated notes

Levels and vault maps discovered:
D:5:      layout_basic, zin_purify, mainiacjoe_overflow_brackets

Action                     || total
---------------------------++-------
  Melee: Falchion          ||     2
         Constrict         ||     1
         Tentacles         ||     1
    Use: Scroll            ||     1

Table legend: (Time is in decaauts)
 A = Elapsed time spent in this place.
 B = Non-inter-level travel time spent in this place.
 C = Inter-level travel time spent in this place.
 D = Time resting spent in this place.
 E = Time spent auto-exploring this place.
 F = Levels seen in this place.
 G = Mean time per level.
                   A        B        C        D        E       F      G
               +--------+--------+--------+--------+--------+-----+--------+
         Total |    109 |    109 |      0 |      0 |      0 |   1 |  109.0 |
       Dungeon |    109 |    109 |      0 |      0 |      0 |   1 |  109.0 |
               +--------+--------+--------+--------+--------+-----+--------+

Top non-repeatable levels by time:
     D:5: 109 daAuts
